Map: White Rabbit LE

Players

SpeCial - Winner!

  • Race: Protoss Protoss
  • League: Grandmaster
  • Spawn Location: 7:00

Jaguares

  • Race: Terran Terran
  • League: Grandmaster
  • Spawn Location: 1:00

VOD

Have the link to the VOD?

Description

Time

  • Played on: March 28, 2026, 6:33 p.m.
  • Length: 9:17
Show
View Real Time Build Order
Export as new Build Order

SpeCial Protoss - Winner!

Build Orders: 1 Gate Expand, Phoenix Opening, Blink Stalkers, Colossus Rush 

Get SALT Encoding   

  12  0:00  Probe  
  13  0:12  Probe  
  14  0:17  Pylon  
  14  0:25  Probe  
  15  0:33  Probe  
  15  0:38  Gateway  
  15  0:41  Probe  
  16  0:47  Assimilator  
  17  0:51  Probe  
  18  1:03  Probe  
  19  1:15  Probe  
  20  1:25  Cybernetics Core  
  20  1:33  Nexus  
  20  1:35  Probe  
  21  1:42  Pylon  
  21  1:50  Probe  
  21  1:51  Assimilator  
  21  1:52  Adept  
  22  2:03  Warp Gate, Probe  
  25  2:13  Adept  
  25  2:15  Probe  
  28  2:28  Probe  
  29  2:30  Twilight Council  
  29  2:40  Probe  
  29  2:41  Probe, Stalker  
  33  2:52  Probe x2  
  33  2:57  Blink  
  35  3:04  Probe x2  
  37  3:07  Gateway  
  37  3:14  Stalker  
  39  3:21  Probe x2  
  41  3:33  Probe x2  
  41  3:34  Pylon  
  39  3:44  Phoenix  
  39  3:45  Probe x2  
  39  3:47  Nexus  
  41  3:53  Stalker  
  43  3:59  Pylon  
  43  4:00  Probe x2  
  43  4:02  Sentry  
  47  4:04  Assimilator  
  47  4:10  Robotics Facility  
  47  4:13  Probe x2  
  47  4:15  Pylon  
  49  4:23  Gateway  
  49  4:26  Probe x2  
  49  4:29  Gateway  
  51  4:39  Probe x2  
  51  4:42  Charge  
  51  4:45  Stalker x2  
  57  4:51  Probe x2  
  59  5:10  Observer  
  50  5:14  Probe x2  
  50  5:18  Probe  
  50  5:20  Robotics Bay  
  51  5:25  Probe x2  
  53  5:28  Pylon  
  53  5:30  Probe  
  53  5:32  Observer  
  53  5:33  Probe x2  
  55  5:41  Probe x2  
  55  5:42  Probe  
  60  5:50  Gateway  
  60  5:51  Gateway  
  60  5:52  Probe  
  60  5:53  Probe  
  60  5:54  Probe  
  63  5:57  Colossus  
  63  6:05  Probe x2  
  63  6:06  Probe  
  63  6:07  Pylon  
  63  6:10  Zealot x3  
  63  6:11  Zealot  
  80  6:17  Probe x2  
  82  6:20  Extended Thermal Lance  
  80  6:35  Zealot x4  
  84  6:40  Probe x3  
  87  6:47  Colossus  
  87  6:52  Probe x2  
  88  6:54  Shield Battery  
  88  6:57  Probe  
  95  7:02  Pylon  
  95  7:04  Probe x2  
  95  7:07  Shield Battery  
  97  7:09  Probe  
  97  7:10  Zealot  
  97  7:14  Pylon  
  100  7:24  Stalker x2  
  100  7:26  Nexus  
  100  7:27  Pylon  
  104  7:31  Colossus  
  104  7:39  Probe x3  
  113  7:47  Zealot x5  
  121  7:51  Zealot  
  121  7:54  Probe x2  
  116  8:10  Zealot x5  
  117  8:25  Pylon  
  117  8:37  Warp Prism, Probe x3  
  122  8:48  Zealot x6  
  132  8:49  Pylon  
  132  8:50  Probe x3  
  137  9:02  Probe x2  
  123  9:12  Stalker x4  
  123  9:13  Stalker x2  
Show
View Real Time Build Order
Export as new Build Order

Jaguares Terran 

Build Orders:  

Get SALT Encoding   

  12  0:00  SCV  
  13  0:13  SCV  
  14  0:17  Supply Depot  
  14  0:25  SCV  
  15  0:38  SCV  
  15  0:39  Barracks  
  16  0:43  Refinery  
  16  0:50  SCV  
  17  1:02  SCV  
  18  1:14  SCV  
  19  1:26  Marine, Orbital Command  
  20  1:40  Command Center  
  20  1:47  Barracks Reactor  
  20  1:51  Supply Depot  
  20  1:54  SCV  
  21  2:06  SCV  
  22  2:10  Factory  
  22  2:19  SCV  
  22  2:22  Bunker  
  23  2:23  Marine x2  
  25  2:31  Refinery, SCV  
  26  2:41  Marine x2  
  26  2:44  SCV  
  29  2:52  Orbital Command  
  29  2:55  Starport  
  29  2:56  SCV  
  30  3:06  Hellion x2  
  30  3:10  SCV  
  30  3:12  Barracks Tech Lab  
  34  3:20  SCV  
  34  3:25  Supply Depot  
  34  3:31  Widow Mine x2  
  38  3:40  SCV  
  38  3:41  SCV  
  40  3:42  Medivac  
  42  3:53  SCV x2  
  44  3:58  Widow Mine  
  44  3:59  Widow Mine  
  48  4:05  SCV x2  
  50  4:12  Supply Depot, Barracks, Starport Tech Lab  
  50  4:14  Barracks  
  51  4:17  SCV x2  
  52  4:29  SCV x2  
  54  4:33  Marine  
  54  4:36  Siege Tank  
  58  4:41  SCV, Supply Depot  
  58  4:43  Marine  
  58  4:44  Raven  
  62  4:49  Supply Depot, Refinery  
  62  4:53  Engineering Bay  
  62  5:03  SCV x2  
  62  5:09  Marine x2  
  62  5:15  SCV x2  
  54  5:25  Factory Reactor  
  54  5:26  Command Center  
  54  5:27  SCV x2  
  54  5:28  Combat Shield, Stimpack, Marine  
  56  5:29  Starport Reactor  
  56  5:30  Marauder  
  56  5:34  Refinery  
  59  5:36  Marine x2  
  59  5:39  Terran Infantry Weapons Level 1  
  59  5:42  Factory Reactor, Supply Depot  
  61  5:45  SCV x2, Supply Depot  
  61  5:48  Marauder  
  65  5:52  Marauder  
  65  5:56  Marine x2  
  70  5:57  SCV x2  
  71  6:06  Supply Depot  
  71  6:09  Marauder  
  73  6:13  Medivac  
  73  6:14  Marauder  
  73  6:15  Medivac, Marine x2  
  73  6:17  Supply Depot  
  82  6:18  SCV x2  
  82  6:23  Widow Mine x2  
  87  6:31  Marauder, Barracks  
  87  6:32  Barracks  
  89  6:36  Marine x2, Marauder  
  89  6:39  Orbital Command  
  93  6:41  Barracks  
  93  6:43  Medivac  
  93  6:45  Medivac  
  97  6:56  Marine x2, Marauder  
  101  7:01  Starport  
  101  7:06  Marauder, Supply Depot  
  103  7:14  Medivac, Orbital Command  
  105  7:15  Medivac  
  105  7:18  Marauder, Marine  
  105  7:20  Barracks Tech Lab  
  110  7:27  Marauder  
  110  7:29  Barracks Reactor  
  112  7:37  Marine x2  
  112  7:39  Marauder  
  112  7:43  SCV  
  112  7:44  SCV  
  116  7:47  Supply Depot  
  116  7:48  Supply Depot  
  116  7:49  Marauder x2  
  120  7:53  Viking x3  
  115  8:18  Marine x3  
  115  8:19  Marauder x3  
  104  8:23  Viking  
  100  8:34  Marine  
  100  8:36  Marine  
  100  8:39  Marine  
  100  8:40  Viking x3, Marauder x3  
  115  8:43  SCV x2  
  115  8:47  SCV  
  118  8:50  Marine  
  118  8:55  Marine x2  
  123  8:59  Supply Depot  
Tags
 
Add a new tag
Caveats
  • Supply blocks, unpowered buildings, or Contaminate may cause inaccurate times.
  • Supply counts are checked every 10 seconds.